AoeStats
← weefimonster

African Clearing

510513538Analyzed
4v4 RM · 19h ago on Oct 1, 2026· 32m 27s· 8 players
Game mode
Random Map
Map size
Large (8 player)
Population
200
Speed
Normal
Resources
Standard
Victory
Conquest
Starting age
Dark Age
Ending age
Imperial Age
RankedLock teamsTeams togetherTeam positionsShared explorationLock speedFull tech treeHidden civsTurbo modeCheats
Victory
Defeat
🇨🇦 Magyars · Canada
768
+14
🇫🇷 Inca · France
731
+15
🇺🇸 Danes · United States
695
+27
🇲🇽 Varangians · Mexico
685
+17
🇨🇳 Teutons · China
791
-20
🇨🇳 Burgundians · China
694
-15
🇦🇷 Spanish · Argentina
682
-14
🇦🇺 Magyars · Australia
671
-14
weefimonster
15:38 Feudal Age
13:55 Loom
19:12 Bloodlines
23:59 Castle Age
22:22 Fletching
24:56 Scale Barding Armor
24:57 Double-Bit Axe
24:59 Horse Collar
26:01 Wheelbarrow
25:34 Bodkin Arrow
26:36 Light Cavalry
27:19 Husbandry
27:22 Stone Mining
28:55 Gold Mining
29:08 Heavy Plow
29:24 Bow Saw
ostiinn
3:30 Loom
15:27 Feudal Age
20:19 Castle Age
19:12 Double-Bit Axe
19:12 Horse Collar
19:40 Gold Mining
21:02 Wheelbarrow
21:23 Bow Saw
29:43 Heavy Plow
30:58 Husbandry
Fireballa9
11:46 Loom
14:56 Feudal Age
19:35 Castle Age
18:48 Horse Collar
19:05 Stone Mining
19:08 Gold Mining
21:05 Squires
20:51 Arson
21:37 Double-Bit Axe
23:03 Scale Mail Armor
24:09 Heavy Plow
29:10 Bow Saw
28:47 Fishing Lines
31:18 Wheelbarrow
The Rock 49
3:30 Loom
15:33 Feudal Age
16:02 Town Watch
17:38 Wheelbarrow
16:30 Champi Runner
17:21 Horse Collar
17:27 Double-Bit Axe
17:40 Arson
24:36 Castle Age
29:52 Hand Cart
32:17 Squires
32:40 Forging
32:31 Scale Mail Armor
Johnjamesjake
4:02 Loom
4:06 Loom
14:40 Feudal Age
18:13 Horse Collar
18:24 Double-Bit Axe
26:59 Castle Age
25:18 Stone Mining
27:49 Heavy Plow
28:04 Bow Saw
28:05 Light Cavalry
331165679
16:18 Feudal Age
16:42 Man-at-Arms
26:14 Horse Collar
26:35 Gold Mining
26:36 Stone Mining
28:22 Wheelbarrow
joaquin5476
16:06 Feudal Age
14:24 Loom
17:50 Wheelbarrow
18:55 Double-Bit Axe
20:41 Man-at-Arms
21:35 Horse Collar
25:07 Gold Mining
28:51 Castle Age
29:34 Forging
30:47 Squires
1175523390
14:37 Feudal Age
20:56 Castle Age
23:18 Wheelbarrow
22:26 Horse Collar
22:33 Double-Bit Axe
24:52 Hand Cart
24:41 Heavy Plow
25:26 Bow Saw
27:32 Hand Cart
30:38 Cavalier
Connection lost

Rejoining the realm…

Still unreachable

The connection could not be restored.

Session expired

The server has moved on; the page needs a fresh start.